Map: Ascension to Aiur LE

Players

Manipulation - Winner!

  • Race: Zerg Zerg
  • League: Master
  • Spawn Location: 11:00

A.I. 1 (Very Easy)

  • Race: Terran Terran
  • Spawn Location: 5:00

VOD

Have the link to the VOD?

Description

Options with this build:
- go for early ling-bane attack
- go for mutas
- go for drones
- go for roaches (what I did here) with speed & double evo upgrades

Time

  • Played on: Dec. 27, 2017, 10:40 p.m.
  • Length: 6:37
Show
View Real Time Build Order
Export as new Build Order

Manipulation Zerg - Winner!

Build Orders: Pool First 

Get SALT Encoding   

  12  0:01  Drone  
  13  0:13  Overlord  
  13  0:18  Drone  
  14  0:32  Drone x2  
  14  0:35  Drone  
  17  0:47  Spawning Pool  
  17  0:49  Extractor  
  15  0:53  Drone  
  17  0:57  Drone  
  17  1:16  Hatchery  
  16  1:20  Drone  
  17  1:33  Queen  
  17  1:36  Zergling x2  
  20  1:47  Overlord  
  20  1:50  Metabolic Boost  
  20  1:57  Drone  
  21  2:07  Drone  
  22  2:09  Queen  
  22  2:11  Drone  
  25  2:21  Drone  
  26  2:24  Drone  
  26  2:28  Queen  
  29  2:33  Drone  
  29  2:35  Drone  
  31  2:40  Overlord  
  31  2:45  Drone x2  
  31  2:50  Drone x2  
  35  2:54  Drone  
  35  3:00  Drone  
  35  3:04  Drone  
  37  3:14  Drone  
  37  3:19  Drone x3  
  42  3:20  Drone  
  42  3:21  Lair  
  42  3:24  Overlord  
  42  3:31  Evolution Chamber  
  42  3:33  Roach Warren  
  40  3:35  Evolution Chamber, Drone x3  
  40  3:40  Extractor x2  
  40  3:42  Extractor, Drone x2  
  40  3:47  Overlord  
  41  3:49  Drone  
  41  3:50  Drone  
  41  3:53  Drone  
  45  3:55  Drone  
  45  3:58  Drone  
  45  4:02  Zerg Missile Weapons Level 1  
  46  4:06  Drone  
  46  4:07  Drone  
  48  4:10  Drone  
  48  4:11  Drone  
  48  4:12  Overlord  
  50  4:17  Drone x2  
  50  4:19  Glial Reconstitution  
  50  4:22  Drone  
  53  4:27  Drone  
  54  4:31  Overlord  
  54  4:33  Roach x2  
  58  4:42  Hatchery  
  57  4:51  Roach x2  
  61  4:56  Roach  
  61  4:58  Roach  
  61  4:59  Roach  
  67  5:00  Roach  
  67  5:04  Overlord  
  69  5:09  Overlord  
  69  5:11  Roach  
  69  5:13  Roach  
  69  5:14  Roach  
  75  5:25  Roach x4  
  75  5:28  Roach x2  
  87  5:30  Roach  
  89  5:38  Roach  
  91  5:43  Overlord  
  91  5:44  Overlord  
  91  5:45  Overlord  
  91  5:57  Roach x3  
  91  6:02  Roach x3  
  91  6:03  Roach  
  105  6:07  Roach x2  
Show
View Real Time Build Order
Export as new Build Order

A.I. 1 (Very Easy) Terran 

Build Orders:  

Get SALT Encoding   

  12  0:00  SCV  
  13  0:13  SCV  
  14  0:19  Supply Depot  
  14  0:37  Refinery  
  14  0:41  Barracks  
  14  1:04  Supply Depot  
  14  1:11  Refinery  
  14  1:27  Marine  
  14  1:29  Orbital Command  
  15  1:55  SCV  
  16  2:02  Marine  
  16  2:07  SCV  
  18  2:19  SCV  
  19  2:31  SCV  
  19  2:36  Marine  
  21  2:43  SCV  
  22  2:55  SCV  
  23  5:31  SCV  
  23  5:54  Marine, SCV  
  23  5:56  Supply Depot  
  25  5:58  Factory  
  25  6:09  SCV  
  17  6:21  SCV  
Tags
 
Add a new tag
Caveats
  • Supply blocks, unpowered buildings, or Contaminate may cause inaccurate times.
  • Supply counts are checked every 10 seconds.